 Dungeon Crawl Stone Soup version 0.26-a0-651-gb41185065b (webtiles) character file.

Game seed: 5188137886670084962

383 truffle the Shield-Bearer (level 6, -10/53 HPs)
             Began as a Minotaur Fighter on Oct 28, 2020.
             Mangled by Menkaure (20 damage)
             ... on level 4 of the Dungeon.
             The game lasted 00:19:49 (4037 turns).

truffle the Shield-Bearer (Minotaur Fighter)        Turns: 4037, Time: 00:19:50

Health: -10/53     AC:  7    Str: 23    XL:     6   Next: 47%
Magic:  5/5        EV:  9    Int:  5    God:
Gold:   263        SH: 10    Dex:  9    Spells: 5/5 levels left

rFire    . . .     SeeInvis .   D - +4 spear
rCold    . . .     Faith    .   c - +0 kite shield
rNeg     + . .     Spirit   .   p - +0 ring mail
rPois    .         Reflect  .   (helmet restricted)
rElec    .         Harm     .   (no cloak)
rCorr    .         Rampage  .   d - +0 pair of gloves
MR       .....                  (no boots)
Stlth    +.........             (no amulet)
HPRegen  0.17/turn              s - ring of positive energy
MPRegen  0.09/turn              (no ring)

@: flying
A: retaliatory headbutt, horns 2
a: no special abilities


You were on level 4 of the Dungeon.
You visited 1 branch of the dungeon, and saw 4 of its levels.

You collected 263 gold pieces.

Inventory:

Hand Weapons
 a - a +0 war axe
 D - a +4 spear (weapon)
Missiles
 o - 4 javelins (quivered)
Armour
 c - a +0 kite shield (worn)
 d - a +0 pair of gloves (worn)
 p - a +0 ring mail (worn)
 C - a +0 pair of boots
Jewellery
 s - a ring of positive energy (left hand)
 B - an uncursed amulet of guardian spirit
Wands
 y - a wand of acid (8)
Scrolls
 e - 6 scrolls of identify
 g - 3 scrolls of teleportation
 h - 2 scrolls of fog {unknown}
 j - a scroll of remove curse
 m - a scroll of enchant armour {unknown}
 u - 2 scrolls of random uselessness {unknown}
 w - 2 scrolls of noise {unknown}
 E - a scroll of magic mapping {unknown}
Potions
 b - a potion of stabbing {unknown}
 f - a potion of ambrosia {unknown}
 i - a potion of lignification {unknown}
 l - a potion of degeneration {unknown}
 n - a potion of invisibility {unknown}
 q - a potion of heal wounds {unknown}
 r - 2 potions of flight
 t - a potion of brilliance {unknown}
 v - a potion of resistance {unknown}
 x - a potion of magic {unknown}
 z - a potion of cancellation {unknown}
 A - a potion of berserk rage {unknown}


   Skills:
 + Level 4.6 Fighting
 + Level 4.9(5.0) Axes
 + Level 0.7(3.1) Polearms
 + Level 5.1 Armour
 + Level 1.1 Dodging
 + Level 0.5 Stealth
 + Level 5.6 Shields


You had 5 spell levels left.
You didn't know any spells.
Your spell library was empty.

Dungeon Overview and Level Annotations

Branches:
Dungeon (4/15)             Temple (0/1) D:4

Altars:
Nemelex Xobeh
Wu Jian

Annotations:
D:4 Menkaure, Robin


Innate Abilities, Weirdness & Mutations

You reflexively headbutt those who attack you in melee.
You have a pair of horns on your head.


Message History

You barely resist.
Menkaure gestures at you while chanting.
Pain shoots through your body!
Menkaure calls on the powers of darkness!
The goblin convulses!
Your body is wracked with pain!
The goblin convulses! x2
Menkaure calls on the powers of darkness!
The goblin convulses!
Your body is wracked with pain!
* * * LOW HITPOINT WARNING * * *
Menkaure's bandages flutter.
You feel better.
You feel better. Menkaure hits you!
It was a potion of flight.
You feel very buoyant.
You fly up into the air.
Menkaure points at you and mumbles some strange words.
Pain shoots through your body!
* * * LOW HITPOINT WARNING * * *
Robin throws the goblin at you! Menkaure hits you!!
You die...

#..## ##..##
##....## #...##
##..## ##......##
##...#
##g.####...#....##
##..##
##..##...####...##
#>..# #......##
##...## ##..##
##g....# ##...#
#...# #g....#
##... #[..##
##Mg...## ##..
#....# #@g.....##
##. ##....#
##...##...## ##
##.....#
##...#####..# #
##)..<### #...##
##.# #...### #..##
#.## ...## #..#
#..# ..## #..#
#.## ..# #..# #.#
# ..# #..# #.# ##


You could see Menkaure (fast) and 4 goblins.

Vanquished Creatures
  An orc priest (D:2)
  An orc wizard (D:2)
  A centaur skeleton (D:4)
  An iguana (D:3)
  Ijyb (D:3)
  11 gnolls
  7 adders
  3 worms
  3 dart slugs
  A leopard gecko (D:2)
  4 orcs
  2 giant cockroaches
  4 goblins
  8 hobgoblins
  A quokka (D:2)
  3 ball pythons
  5 bats
  7 frilled lizards
  9 kobolds
  4 rats
77 creatures vanquished.

Notes
Turn   | Place    | Note
-------+----------+-------------------------------------------
     0 | D:1      | truffle the Minotaur Fighter began the quest for the Orb.
     0 | D:1      | Reached XP level 1. HP: 19/19 MP: 0/0
   207 | D:1      | Reached XP level 2. HP: 27/27 MP: 1/1
   739 | D:2      | Reached XP level 3. HP: 33/33 MP: 2/2
  1221 | D:2      | Reached XP level 4. HP: 40/40 MP: 3/3
  1279 | D:2      | Reached XP level 5. HP: 32/46 MP: 4/4
  1394 | D:2      | Reached skill level 1 in Dodging
  1395 | D:2      | Found a sparkling altar of Nemelex Xobeh.
  2474 | D:2      | Found an ornate altar of the Wu Jian Council.
  3028 | D:3      | Reached skill level 5 in Shields
  3056 | D:4      | Reached XP level 6. HP: 15/53 MP: 5/5
  3446 | D:4      | Found a staircase to the Ecumenical Temple.
  3449 | D:4      | Noticed Ijyb
  3451 | D:4      | Reached skill level 5 in Armour
  3669 | D:4      | Paralysed by Ijyb for 6 turns
  3686 | D:3      | Killed Ijyb
  4004 | D:4      | Noticed Menkaure
  4010 | D:4      | Noticed Robin
  4037 | D:4      | Mangled by Menkaure

Illustrated notes

Levels and vault maps discovered:
D:1:      sevenhm_arrival_forest_fort_small_6, layout_basic
D:2:      layout_basic, overflow_temple_1_default, lemuel_round_altar
D:3:      layout_basic
D:4:      layout_layer_cave, minmay_temple_entry_glassed_door, uniq_robin,
          uniq_ijyb, uniq_menkaure

Skill      XL: |  1  2  3  4  5  6 |
---------------+-------------------+-----
Shields        | 4 5 |  5.6
Armour         | 4 5 |  5.1
Fighting       | 4 |  4.6
Axes           | 3 4 |  4.9
Dodging        | 1 |  1.1
Polearms       | |  0.7
Stealth        | |  0.5

Action                   |  1- 3 |  4- 6 || total
-------------------------+-------+-------++-------
Melee: War axe           |    58 |    81 ||   139
       Headbutt          |     9 |    24 ||    33
       Spear             |       |    37 ||    37
  Use: Scroll            |       |     6 ||     6
       Potion            |       |     4 ||     4
Armor: Scale mail        |    44 |    12 ||    56
       Ring mail         |       |    38 ||    38
Dodge: Dodged            |    33 |    56 ||    89
Block: Kite shield       |    42 |    91 ||   133

Table legend: (Time is in decaauts)
 A = Elapsed time spent in this place.
 B = Non-inter-level travel time spent in this place.
 C = Inter-level travel time spent in this place.
 D = Time resting spent in this place.
 E = Time spent auto-exploring this place.
 F = Levels seen in this place.
 G = Mean time per level.
                   A        B        C        D        E       F      G
               +--------+--------+--------+--------+--------+-----+--------+
         Total |   4097 |   4093 |      4 |    735 |    946 |   4 | 1024.2 |
       Dungeon |   4097 |   4093 |      4 |    735 |    946 |   4 | 1024.2 |
               +--------+--------+--------+--------+--------+-----+--------+

Top non-repeatable levels by time:
     D:3: 1413 daAuts
     D:2: 1178 daAuts
     D:4: 803 daAuts
     D:1: 702 daAuts
